 Dungeon Crawl Stone Soup version 0.31.0-11-ge490571c62 (webtiles) character file.

Game seed: 8238656930982063267

3766 inmateoo the Spear-Bearer (level 10, -5/71 HPs)
             Began as a Human Delver on Jan 28, 2024.
             Was a Priest of Hepliaklqana.
             Slain by a deep elf pyromancer
             ... wielding a +0 rapier of electrocution
              (17 damage)
             ... on level 7 of the Dungeon.
             The game lasted 00:09:36 (5832 turns).

inmateoo the Spear-Bearer (Human Delver)            Turns: 5832, Time: 00:09:37

Health: -5/71      AC: 15    Str: 22    XL:     10   Next: 15%
Magic:  10/10      EV:  7    Int: 11    God:    Hepliaklqana [***...]
Gold:   328        SH:  9    Dex: 15    Spells: 9/9 levels left

rFire   . . .        n - +0 trident
rCold   . . .        k - +0 kite shield
rNeg    . . .        i - +0 plate armour
rPois   .            (no helmet)
rElec   .            (no cloak)
rCorr   .            (no gloves)
SInv    .            o - +2 pair of boots
Will    .....        q - amulet of the acrobat Stlth
                     a - +6 ring of strength
HPRegen 0.31/turn    (no ring)
MPRegen 0.12/turn

%: acrobat
@: on fire, glowing
A: reduced essence, explore regen
a: Renounce Religion, Recall Ancestor, Ancestor Identity, Transference


You were on level 7 of the Dungeon.
You worshipped Hepliaklqana.
Hepliaklqana was most pleased with you.
You visited 2 branches of the dungeon, and saw 8 of its levels.

You collected 486 gold pieces.
You spent 158 gold pieces at shops.

Inventory:

Hand Weapons
 n - a +0 trident (weapon)
Missiles
 p - a throwing net (quivered)
 x - 9 poisoned darts
Armour
 i - a +0 plate armour (worn)
 k - a +0 kite shield (worn)
 o - a +2 pair of boots (worn)
Jewellery
 a - a +6 ring of strength (left hand)
 q - an amulet of the acrobat (around neck)
Wands
 g - a wand of digging (3)
Scrolls
 c - 2 scrolls of fog
 d - 3 scrolls of revelation
 f - a scroll of teleportation
 l - a scroll of fear
 m - a scroll of noise
 s - a scroll of blinking
Potions
 b - 2 potions of might
 e - 2 potions of heal wounds
 h - 6 potions of curing
 j - a potion of lignification {unknown}
 r - 2 potions of brilliance {unknown}
 t - a potion of ambrosia {unknown}
 u - a potion of haste
 w - a potion of degeneration {unknown}


   Skills:
 + Level 7.1 Fighting
 * Level 9.4 Polearms
 + Level 3.3 Throwing
 - Level 5.0 Armour
 - Level 5.0 Dodging
 - Level 5.0 Stealth
 - Level 4.0 Shields


You had 9 spell levels left.
You didn't know any spells.
Your spell library contained the following spells:

 Spells                   Type           Power      Damage    Failure   Level
 Apportation              Tloc           0%         N/A       100%        1
 Necrotise                Necr           0%         1d4       100%        1
 Sting                    Conj/Alch      0%         1d3       100%        1
 Summon Small Mammal      Summ           0%         N/A       100%        1
 Summon Ice Beast         Ice/Summ       0%         N/A       100%        3
 Summon Mana Viper        Hex/Summ       0%         N/A       100%        5
 Monstrous Menagerie      Summ           0%         N/A       100%        7


Dungeon Overview and Level Annotations

Branches:
Dungeon (7/15)             Temple (1/1) D:5

Altars:
Ashenzari
Cheibriados
Elyvilon
Fedhas
Gozag
Hepliaklqana
Kikubaaqudgha
Makhleb
Nemelex Xobeh
Qazlal
Uskayaw
Vehumet
Wu Jian
Xom
Yredelemnul
Zin
The Shining One

Shops:
D:2 =?!


Innate Abilities, Weirdness & Mutations

Your life essence is reduced to manifest your ancestor. (-10% HP)
You regain HP and MP as you explore.


Message History

Reach: n) +0 trident
Press: ? - help, Dir - move target, f/p - deep elf pyromancer
Aim: a deep elf pyromancer, wielding a +0 rapier of electrocution and wearing a +0 leather armour (almost dead, about 44% to evade your +0 trident)
You hit the deep elf pyromancer.
The deep elf pyromancer is almost dead.
The liquid fire burns you!
The deep elf pyromancer casts a spell at you.
The bolt of fire hits you!
* * * LOW HITPOINT WARNING * * *
Okay, then.
You feel much better. The liquid fire burns you!
* * * LOW HITPOINT WARNING * * *
The deep elf pyromancer hits you but does no damage.
You feel much better. The liquid fire burns you!
You block the deep elf pyromancer's attack.
Reach: n) +0 trident
Press: ? - help, Dir - move target, f/p - deep elf pyromancer
Aim: a deep elf pyromancer, wielding a +0 rapier of electrocution and wearing a +0 leather armour (almost dead, about 44% to evade your +0 trident)
Okay, then.
Reach: n) +0 trident
Press: ? - help, Dir - move target, f/p - deep elf pyromancer
Aim: a deep elf pyromancer, wielding a +0 rapier of electrocution and wearing a +0 leather armour (almost dead, about 44% to evade your +0 trident)
You hit the deep elf pyromancer but do no damage.
The deep elf pyromancer is almost dead.
The liquid fire burns you!
The deep elf pyromancer gestures at you while chanting.
The bolt of fire hits you!!
* * * LOW HITPOINT WARNING * * *
You feel better. The liquid fire burns you!
* * * LOW HITPOINT WARNING * * *
The deep elf pyromancer closely misses you.
You feel much better. The liquid fire burns you!
* * * LOW HITPOINT WARNING * * *
The deep elf pyromancer hits you but does no damage.
You are electrocuted!
You die...

####
##...##
##.#R###.#
#.##
#.#.....#
##
#.#######
#.# #.#
########.#
#<.......#
#.######.#
#@# #e####
#EE○.#
####K#
....
##V### ...
#.#


.eE You could see a deep elf pyromancer and 2 fire elementals.

Vanquished Creatures
  Sigmund (D:5)
  A fire bat (D:6)
  4 yaks (D:7)
  A water moccasin (D:5)
  An ogre (D:4)
  2 phantoms (D:6)
  A kobold brigand (D:7)
  A bullfrog (D:6)
  Blork the orc (D:4)
  4 scorpions
  A howler monkey (D:6)
  A bombardier beetle (D:6)
  2 orc priests (D:4)
  4 hounds
  A gnoll bouda (D:4)
  A sleepcap (D:6)
  An orc wizard (D:3)
  7 gnolls
  5 adders
  A shadow imp (D:5)
  2 white imps
  2 ufetubi (D:5)
  2 dart slugs
  2 ribbon worms
  15 orcs
  7 endoplasms
  5 giant cockroaches
  7 goblins
  7 hobgoblins
  3 jackals (D:4)
  4 ball pythons
  8 bats
  4 frilled lizards
  4 kobolds
  5 rats
118 creatures vanquished.

Vanquished Creatures (collateral kills)
  A deep elf pyromancer (D:7)
  A kobold demonologist (D:7)
  A vampire (D:7)
  A yak (D:7)
  An ice beast (D:7)
  An ogre (D:5)
  3 scorpions (D:6)
  A lava snake (D:7)
  An orc priest (D:2)
  A hound (D:6)
  2 jellies
  An iguana (D:5)
  An orc wizard (D:3)
  A gnoll (D:3)
  2 adders
  A shadow imp (D:6)
  A dart slug (D:3)
  5 orcs
  An endoplasm (D:3)
  3 goblins
  A hobgoblin (D:4)
  A quokka (D:2)
  3 bats (D:6)
  4 kobolds (D:7)
  2 rats (D:3)
41 creatures vanquished.

Vanquished Creatures (others)
  A bullfrog (D:7)
  A knight (D:7)
  An orc (D:7)
3 creatures vanquished.

Grand Total: 162 creatures vanquished

Notes
Turn   | Place    | Note
-------+----------+-------------------------------------------
     0 | D:5      | inmateoo the Human Delver began the quest for the Orb.
     0 | D:5      | Reached XP level 1. HP: 18/18 MP: 1/1
    12 | D:4      | Noticed Blork the orc
    56 | D:5      | Reached XP level 2. HP: 17/24 MP: 2/2
   134 | D:5      | Noticed a scorpion
   142 | D:5      | Killed a scorpion
   143 | D:5      | Reached skill level 3 in Polearms
   143 | D:5      | Reached XP level 3. HP: 29/29 MP: 3/3
   143 | D:5      | Reached XP level 4. HP: 35/35 MP: 4/4
   246 | D:5      | Noticed Sigmund
   259 | D:5      | Found a staircase to the Ecumenical Temple.
   273 | D:5      | Killed Sigmund
   274 | D:5      | Reached skill level 4 in Polearms
   274 | D:5      | Reached XP level 5. HP: 13/42 MP: 5/5
   274 | D:5      | Reached XP level 6. HP: 15/48 MP: 6/6
   424 | Temple   | Entered the Ecumenical Temple
   463 | Temple   | Became a worshipper of Hepliaklqana the Forgotten
   589 | D:5      | Noticed a water moccasin
   608 | D:4      | Identified the +8 dagger of Nemelex Xobeh, Healing {holy,
                  | Dex+5}
   625 | D:4      | Killed Blork the orc
   652 | D:4      | Reached skill level 5 in Polearms
   663 | D:4      | Reached XP level 7. HP: 29/55 MP: 7/7
   829 | D:4      | HP: 2/55 [poisoned by an orc priest]
  1306 | D:2      | Found a shimmering altar of Xom.
  1407 | D:2      | Found Jugauj's Jewellery Shop.
  1425 | D:2      | Found Mukit's Magic Scroll Shop.
  1433 | D:2      | Bought a scroll of identify for 28 gold pieces
  1619 | D:2      | Found Zen Wid's Distillery.
  1786 | D:1      | Reached * piety under Hepliaklqana
  2362 | D:2      | Bought 2 potions of heal wounds for 100 gold pieces
  2362 | D:2      | Bought a potion of curing for 30 gold pieces
  2410 | D:2      | Found a faded altar of an unknown god.
  2572 | D:3      | Identified the +1 robe "Cos Mem" {Int+3}
  2574 | D:3      | Reached skill level 1 in Armour
  2824 | D:2      | Reached skill level 6 in Polearms
  2851 | D:3      | Reached skill level 5 in Fighting
  3169 | D:3      | Reached ** piety under Hepliaklqana
  3170 | D:3      | Remembered your ancestor Preben as a knight
  3841 | D:4      | Reached XP level 8. HP: 55/55 MP: 8/8
  3936 | D:5      | Reached skill level 1 in Shields
  4622 | D:6      | Reached skill level 5 in Dodging
  4757 | D:6      | Reached skill level 7 in Polearms
  4837 | D:6      | Found a shimmering altar of Xom.
  4935 | D:6      | Reached XP level 9. HP: 56/62 MP: 9/9
  5110 | D:6      | Found the +11 Singing Sword {sonic wave}
  5222 | D:6      | Reached *** piety under Hepliaklqana
  5247 | D:6      | Found a sparkling altar of Nemelex Xobeh.
  5353 | D:6      | Reached skill level 8 in Polearms
  5363 | D:6      | Found a white marble altar of Elyvilon.
  5500 | D:7      | Reached skill level 1 in Throwing
  5701 | D:7      | Found a glowing silver altar of Zin.
  5789 | D:7      | Noticed a kobold demonologist
  5789 | D:7      | Noticed a deep elf pyromancer
  5789 | D:7      | Noticed a deep elf pyromancer
  5802 | D:7      | Killed a kobold demonologist
  5803 | D:7      | Reached skill level 9 in Polearms
  5808 | D:7      | Killed a deep elf pyromancer
  5809 | D:7      | Reached skill level 5 in Armour
  5809 | D:7      | Reached XP level 10. HP: 57/71 MP: 10/10
  5830 | D:7      | HP: 3/71 [deep elf pyromancer/bolt of fire (22)]
  5831 | D:7      | HP: 1/71 [burnt (11)]
  5832 | D:7      | Slain by a deep elf pyromancer

Illustrated notes

Levels and vault maps discovered:
D:1:      heliophobic_arrival_henge, layout_loops_ring
D:2:      layout_basic, serial_shops, shop, shop, shop, basic_altar,
          dreamdust_ecumenical_altar_hidden_monk_grotto
D:3:      minmay_door_path, layout_basic
D:4:      layout_basic, uniq_blork_the_orc
D:5:      layout_cave_pods, minmay_temple_entry_steel_oval, uniq_sigmund
D:6:      old_forge, layout_loops_cross, nemelex_diamond_rough_becter,
          regret_index_xom_of_box, lemuel_coloured_pillars_altar
D:7:      minmay_chambers_of_fours, layout_loops_corners, trog_ov_bears_minmay,
          mainiacjoe_overflow_cross_hatched, lemuel_tele_altar, serial_library,
          serial_library_regret_index_split_case,
          serial_library_regret_index_multi, serial_library_hellmonk_metal_room,
          serial_library_hellmonk_room_b, nicolae_lava_and_water
Temple:   nicolae_temple_figure_eight

Skill      XL: |  1  2  3  4  5  6  7  8  9 |
---------------+----------------------------+-----
Polearms       | 3 4 5 6 7 9 |  9.4
Fighting       | 4 5 7 |  7.1
Dodging        | 3 4 5 |  5.0
Armour         | 1 3 5 |  5.0
Shields        | 2 4 |  4.0
Throwing       | 3 |  3.3
Stealth        | |  5.0

Action                     |  1- 3 |  4- 6 |  7- 9 | 10-12 || total
---------------------------+-------+-------+-------+-------++-------
  Melee: Spear             |    21 |    21 |       |       ||    42
         Halberd           |       |    34 |   138 |       ||   172
         Punch             |       |     1 |       |       ||     1
         Trident           |       |       |   242 |    19 ||   261
 Invoke: Recall Ancestor   |       |       |     3 |       ||     3
         Ancestor Life: Kn |       |       |     1 |       ||     1
  Evoke: Wand              |     1 |    14 |     6 |       ||    21
    Use: Scroll            |       |       |    10 |       ||    10
         Potion            |       |       |     1 |     4 ||     5
   Stab: Paralysed         |     7 |    13 |       |       ||    20
         Distracted        |       |       |     4 |       ||     4
         Held in net/web   |       |       |     1 |       ||     1
 Armour: Leather armour    |     4 |       |       |       ||     4
         Plate armour      |       |    89 |   200 |     5 ||   294
  Dodge: Dodged            |     9 |    39 |    62 |     1 ||   111
  Block: Kite shield       |       |       |    49 |     1 ||    50
